 Dungeon Crawl Stone Soup version 0.25.0-1-g7eea58d2a3 (webtiles) character file.

Game seed: 5330343738445603997

1253 Froggeryz the Basher (level 8, -4/46 HPs)
             Began as a Gargoyle Gladiator on June 14, 2020.
             Was a Follower of Okawaru.
             Slain by a shadow (21 damage)
             ... on level 6 of the Dungeon.
             The game lasted 00:07:28 (5010 turns).

Froggeryz the Basher (Gargoyle Gladiator)           Turns: 5010, Time: 00:07:29

Health: -4/46      AC: 15    Str: 19 (20) XL:     8   Next: 51%
Magic:  8/8        EV: 10    Int:  9      God:    Okawaru [*.....]
Gold:   314        SH:  0    Dex: 11      Spells: 7/7 levels left

rFire    . . .     SeeInvis .   r - +0 morningstar
rCold    . . .     Gourm    .   (no shield)
rNeg     + . .     Faith    .   t - +0 scale mail
rPois    ∞         Spirit   .   c - +1 helmet
rElec    +         Reflect  .   (no cloak)
rCorr    .         Harm     .   v - +0 pair of gloves
MR       .....                  (no boots)
Stlth    ..........             (no amulet)
HPRegen  0.15/turn              (no ring)
MPRegen  0.11/turn              (no ring)

@: no status effects
A: negative energy resistance 1, electricity resistance, unbreathing,
petrification resistance, rot immunity, AC +5
a: Heroism, Renounce Religion


You were on level 6 of the Dungeon.
You worshipped Okawaru.
Okawaru was aware of your devotion.
You were not hungry.

You visited 2 branches of the dungeon, and saw 7 of its levels.

You collected 314 gold pieces.

Inventory:

Hand Weapons
 r - a +0 morningstar (weapon)
 s - a +1 mace of protection
Missiles
 d - 2 throwing nets (quivered)
Armour
 c - a +1 helmet (worn)
 h - the +1 leather armour "Hojid Loat" {rF+}
   (You found it on level 6 of the Dungeon)

   It protects you from fire.
 t - a +0 scale mail (worn)
 v - a +0 pair of gloves (worn)
Jewellery
 p - an uncursed ring of fire
Wands
 q - a wand of paralysis (3)
Scrolls
 a - 2 scrolls of fog {unknown}
 e - 4 scrolls of remove curse {unknown}
 g - 5 scrolls of identify
 i - a scroll of brand weapon {unknown}
 k - 2 scrolls of blinking {unknown}
 l - 2 scrolls of amnesia {unknown}
 o - a scroll of magic mapping
Potions
 b - 2 potions of degeneration
 m - a potion of mutation {unknown}
 n - a potion of flight {unknown}
 u - a potion of curing {unknown}
 w - a potion of brilliance {unknown}
 x - a potion of berserk rage {unknown}
 z - a potion of stabbing
Comestibles
 f - 7 rations
 j - 3 chunks of flesh


   Skills:
 - Level 3.2 Fighting
 * Level 9.7 Maces & Flails
 - Level 1.7 Throwing
 - Level 3.0 Armour
 - Level 2.4 Dodging


You had 7 spell levels left.
You didn't know any spells.
Your spell library contained the following spells:

 Spells                   Type           Power        Failure   Level  Hunger
 Foxfire                  Conj/Fire      #...         77%         1    ##.....
 Conjure Flame            Conj/Fire      #.......     98%         3    ####...
 Inner Flame              Hex/Fire       #.......     98%         3    ####...
 Sticky Flame             Conj/Fire      #.......     100%        4    #####..
 Fireball                 Conj/Fire      #.........   100%        5    ######.


Dungeon Overview and Level Annotations

Branches:
Dungeon (6/15)             Temple (1/1) D:5

Altars:
Ashenzari
Cheibriados
Elyvilon
Fedhas
Gozag
Hepliaklqana
Kikubaaqudgha
Makhleb
Nemelex Xobeh
Okawaru
Qazlal
Ru
Sif Muna
Trog
Uskayaw
Vehumet
Wu Jian
Xom
Yredelemnul
Zin
The Shining One

Shops:
D:6 %


Innate Abilities, Weirdness & Mutations

You are resistant to torment.
Your stone body is resilient. (AC +5)
You are immune to poison.
You resist negative energy. (rN+)
You are resistant to electric shocks. (rElec)
You can survive without breathing.
You are immune to petrification.
You are immune to rotting.


Message History

Found a ration.
Things that are here:
a +0 short sword; a +0 chain mail; an orc corpse You butcher the orc corpse.
A shadow opens the door.
j - 3 chunks of flesh
Things that are here:
a +0 short sword; a +0 chain mail; an orc skeleton A shadow is nearby!
There is an open door here.
As you close the door, it creaks loudly!
A shadow opens the door.
There is an open door here.
You close the door.
A shadow opens the door.
The shadow slips into darkness.
The shadow flickers and vanishes!
Deactivating autopickup; reactivate with Ctrl-A.
There is an open door here.
The shadow strikes at you from the darkness!
You die...

********###############
***,,,,,,,.......(......#########
,,,,,******######.<.........)....
,**,**** #<.#####......##.
,,,,,,,* #####..# #.####.##.
,,****,* ##...#..# #.####.##. *,*
*,* #....@..# #.##...... *,* *,*
#.......#####.##.#.#.. *,* **,*
##'#...................
*,***,****#8.####........##.#.#.[
*,**,***,,+..'..########.##......
*,***,*,,8#..#8..#.#####.####....
*,,,,,*,*#######.#.......# ####.
*******+#[$!?%%#'#.......# #.
*.###+####)#.####### #.


There were no monsters in sight!

Vanquished Creatures
  A phantom (D:6)
  2 orc warriors
  A sky beast (D:5)
  An ogre (D:5)
  A centaur (D:6)
  A bullfrog (D:6)
  2 scorpions (D:4)
  2 hounds
  2 jellies (D:5)
  Terence (D:3)
  3 worker ants
  2 orc wizards
  A hound zombie (D:6)
  Robin (D:3)
  6 gnolls
  4 adders
  2 shadow imps
  3 worms
  2 dart slugs
  5 leopard geckos
  16 orcs
  9 bats
  6 giant cockroaches
  22 goblins
  13 hobgoblins
  3 jackals
  2 quokkas
  7 frilled lizards
  13 kobolds
  A leopard gecko skeleton (D:5)
  A leopard gecko zombie (D:6)
  7 rats
143 creatures vanquished.

Notes
Turn   | Place    | Note
-------+----------+-------------------------------------------
     0 | D:1      | Froggeryz the Gargoyle Gladiator began the quest for the
                  | Orb.
     0 | D:1      | Reached XP level 1. HP: 12/12 MP: 1/1
   166 | D:1      | Reached XP level 2. HP: 15/17 MP: 2/2
   216 | D:1      | Reached skill level 1 in Armour
   235 | D:1      | Found a stormy altar of Qazlal.
   403 | D:1      | Reached XP level 3. HP: 18/21 MP: 3/3
   694 | D:2      | Reached skill level 4 in Maces & Flails
   998 | D:2      | Reached XP level 4. HP: 26/26 MP: 4/4
  1279 | D:3      | Reached XP level 5. HP: 29/30 MP: 5/5
  1474 | D:3      | Reached skill level 5 in Maces & Flails
  1612 | D:3      | Noticed Robin
  1918 | D:3      | Killed Robin
  2326 | D:3      | Noticed Terence
  2338 | D:3      | Killed Terence
  2338 | D:3      | Reached XP level 6. HP: 35/36 MP: 6/6
  2816 | D:4      | Reached skill level 6 in Maces & Flails
  3086 | D:4      | Reached XP level 7. HP: 25/41 MP: 7/7
  3259 | D:5      | Entered Level 5 of the Dungeon
  3283 | D:5      | Reached skill level 7 in Maces & Flails
  3504 | D:5      | Found a staircase to the Ecumenical Temple.
  3546 | Temple   | Entered the Ecumenical Temple
  3651 | Temple   | Became a worshipper of Warmaster Okawaru
  3905 | D:5      | Reached skill level 8 in Maces & Flails
  3906 | D:5      | Reached * piety under Okawaru
  3999 | D:5      | Reached XP level 8. HP: 38/46 MP: 8/8
  4112 | D:5      | Found a burning altar of Makhleb.
  4294 | D:6      | Got a spiked leather armour
  4295 | D:6      | Identified the +1 leather armour "Hojid Loat" {rF+} (You
                  | found it on level 6 of the Dungeon)
  4327 | D:6      | Reached skill level 9 in Maces & Flails
  4845 | D:6      | Found Kaeseffy's Food Emporium.
  4994 | D:6      | Noticed a shadow
  5010 | D:6      | Slain by a shadow

Illustrated notes

Levels and vault maps discovered:
D:1:      evilmike_arrival_home_sweet_home, layout_loops_cross,
          minmay_hexomino_r4
D:2:      layout_rooms
D:3:      layout_basic, uniq_terence, uniq_robin
D:4:      layout_loops_ring, first_ration
D:5:      layout_basic, minmay_temple_entry_grid, makhleb_heckhound_becter
D:6:      minmay_chambers_of_sixes, layout_loops_ring, serial_shops,
          kennysheep_mini, nrook_campfire, minivault_4
Temple:   kilobyte_greek_temple

Skill      XL: |  1  2  3  4  5  6  7  8 |
---------------+-------------------------+-----
Armour         | 1 2 3 |  3.0
Maces & Flails | 4 5 6 8 9 |  9.7
Fighting       | 3 |  3.2
Throwing       | |  1.7
Dodging        | |  2.4

Action                   |  1- 3 |  4- 6 |  7- 9 || total
-------------------------+-------+-------+-------++-------
Melee: Flail             |   155 |   123 |       ||   278
       Morningstar       |       |   143 |   192 ||   335
Throw: Throwing net      |       |       |     1 ||     1
  Use: Potion            |       |       |     3 ||     3
       Scroll            |       |       |     6 ||     6
 Stab: Held in net/web   |       |       |     1 ||     1
  Eat: Chunk             |     1 |     6 |     7 ||    14
Armor: Leather armour    |    78 |    72 |       ||   150
       Scale mail        |       |    68 |   105 ||   173
Dodge: Dodged            |   115 |   191 |   102 ||   408
